 Dungeon Crawl Stone Soup version 0.29-a0-322-g68df515428 (webtiles) character file.

Game seed: 17366122760822576838

9 GigaChad the Ruffian (level 2, 0/23 HPs)
             Began as a Draconian Transmuter on Apr 6, 2022.
             Slain by a goblin
             ... wielding a +4 dagger
              (4 damage)
             ... on level 1 of the Dungeon.
             The game lasted 00:00:59 (265 turns).

GigaChad the Ruffian (Draconian Transmuter)          Turns: 265, Time: 00:01:00

Health: 0/23       AC:  4    Str: 12    XL:     2   Next: 3%
Magic:  5/5        EV: 12    Int: 13    God:
Gold:   15         SH:  0    Dex: 11    Spells: 4/5 levels left

rFire   . . .      SeeInvis .   d - staff of death
rCold   . . .      Faith    .   (no shield)
rNeg    + . .      Spirit   .   (body armour unavailable)
rPois   .          Reflect  .   (helmet restricted)
rElec   .          Harm     .   (no cloak)
rCorr   .          Rampage  .   (no gloves)
Will    .....                   (no boots)
Stlth   +.........              (no amulet)
HPRegen 0.07/turn               (no ring)
MPRegen 0.09/turn               (no ring)

@: no status effects
A: AC +4, unfitting armour, cold-blooded
a: no special abilities


You were on level 1 of the Dungeon.
You visited 1 branch of the dungeon, and saw 1 of its levels.

You collected 15 gold pieces.

Inventory:

Magical Staves
 d - a staff of death (weapon)
Scrolls
 c - a scroll of noise {unknown}
Potions
 a - a potion of lignification
 b - a potion of mutation {unknown}


   Skills:
 + Level 1.1 Fighting
 + Level 2.0 Dodging
 + Level 3.2 Unarmed Combat
 + Level 2.0 Spellcasting
 + Level 2.1 Transmutations


You had 4 spell levels left.
You knew the following spells:

 Your Spells              Type           Power      Damage    Failure   Level
a - Beastly Appendage     Tmut           12%        N/A       11%         1

Your spell library contained the following spells:

 Spells                   Type           Power      Damage    Failure   Level
 Wereblood                Tmut           6%         N/A       16%         2
 Spider Form              Tmut/Pois      4%         N/A       45%         3
 Ice Form                 Ice/Tmut       4%         N/A       86%         4


Dungeon Overview and Level Annotations

Branches:
Dungeon (1/15)

Altars:


Innate Abilities, Weirdness & Mutations

Your plain brown scales are hard. (AC +4)
You cannot fit into any form of body armour.
You are cold-blooded and may be slowed by cold attacks.


Message History

You barely miss the goblin.
The goblin hits you but does no damage. x2
You barely miss the goblin. The goblin barely misses you.
You hit the goblin.
You kill the goblin!
You have reached level 2!
You see here a +0 club.
You barely miss the hobgoblin.
The hobgoblin hits you but does no damage.
You hit the hobgoblin but do no damage. The hobgoblin hits you.
A goblin comes into view. It is wielding a +4 dagger.
You completely miss the hobgoblin. The hobgoblin closely misses you.
The hobgoblin hits you but does no damage.
You barely miss the hobgoblin.
The goblin shouts!
The hobgoblin hits you.
You hit the hobgoblin but do no damage.
Your tail-slap misses the hobgoblin.
The hobgoblin misses you.
You hit the hobgoblin.
You punch the hobgoblin, but do no damage.
The hobgoblin is moderately wounded.
The hobgoblin hits you.
You closely miss the hobgoblin. The hobgoblin closely misses you.
You barely miss the hobgoblin. The hobgoblin closely misses you.
The hobgoblin hits you.
Unknown command.
You closely miss the hobgoblin. The hobgoblin hits you.
The goblin hits you with a +4 dagger.
* * * LOW HITPOINT WARNING * * *
You hit the hobgoblin but do no damage.
You tail-slap the hobgoblin, but do no damage.
The hobgoblin hits you but does no damage.
The goblin closely misses you.
You hit the hobgoblin but do no damage. The hobgoblin hits you.
* * * LOW HITPOINT WARNING * * *
The goblin misses you.
You hit the hobgoblin.
Your tail-slap misses the hobgoblin.
The hobgoblin is moderately wounded.
The hobgoblin hits you but does no damage.
The goblin hits you with a +4 dagger.
You die...

#.........###.#.#.#.#
########...........#
#..####.#######
#..............
#..........#####
#..#####.#.# #..#
#.#.# #..#
#.#.####### #..
#.#@.......
#.gg..##.## ###.#.#
#.#.# #.# # .!# ..#
|.. ...#


You could see a hobgoblin and a goblin.

Vanquished Creatures
  A ball python (D:1)
  An endoplasm (D:1)
  3 goblins (D:1)
  A hobgoblin (D:1)
  A bat (D:1)
7 creatures vanquished.

Notes
Turn   | Place    | Note
-------+----------+-------------------------------------------
     0 | D:1      | GigaChad the Draconian Transmuter began the quest for the
                  | Orb.
     0 | D:1      | Reached XP level 1. HP: 16/16 MP: 3/3
   253 | D:1      | Reached XP level 2. HP: 21/23 MP: 5/5
   265 | D:1      | Slain by a goblin

Illustrated notes

Levels and vault maps discovered:
D:1:      minmay_arrival_five_plusses, layout_loops_ring,
          shapermc_ecumenical_altar_notcrosses, minmay_fountain_box

Skill      XL: |  1 |
---------------+----+-----
Dodging        | 2 |  2.0
Fighting       | |  1.1
Unarmed Combat | |  3.2
Spellcasting   | |  2.0
Transmutations | |  2.1

Action                   || total
-------------------------++-------
Melee: Staff             ||    24
       Unarmed           ||     8
       Tailslap          ||     2
       Punch             ||     1
 Cast: Beastly Appendage ||     2
Armor: Skin              ||    16
Dodge: Dodged            ||    23

Table legend: (Time is in decaauts)
 A = Elapsed time spent in this place.
 B = Non-inter-level travel time spent in this place.
 C = Inter-level travel time spent in this place.
 D = Time resting spent in this place.
 E = Time spent auto-exploring this place.
 F = Levels seen in this place.
 G = Mean time per level.
                   A        B        C        D        E       F      G
               +--------+--------+--------+--------+--------+-----+--------+
         Total |    268 |    268 |      0 |      0 |     98 |   1 |  268.0 |
       Dungeon |    268 |    268 |      0 |      0 |     98 |   1 |  268.0 |
               +--------+--------+--------+--------+--------+-----+--------+

Top non-repeatable levels by time:
     D:1: 268 daAuts
